 Dungeon Crawl Stone Soup version 0.22.1 (webtiles) character file.

70 whitewolfNL the Sneak (level 4, 0/23 HPs)
             Began as a Spriggan Assassin on Sept 19, 2018.
             Succumbed to an adder's poison
             ... on level 3 of the Dungeon.
             The game lasted 00:14:57 (2012 turns).

whitewolfNL the Sneak (Spriggan Assassin)           Turns: 2012, Time: 00:14:58

Health: 0/23       AC:  3    Str:  7    XL:     4   Next: 4%
Magic:  5/5        EV: 17    Int: 12    God:
Gold:   93         SH:  0    Dex: 18    Spells: 3/3 levels left

rFire    . . .     SeeInvis +   j - +2 dagger (venom)
rCold    . . .     Gourm    .   (shield restricted)
rNeg     . . .     Faith    .   m - +0 robe
rPois    .         Spirit   .   (helmet restricted)
rElec    .         Reflect  .   d - +0 cloak
rCorr    .         Harm     .   (gloves unavailable)
MR       .....                  (boots unavailable)
Stlth    +++++.....             (no amulet)
HPRegen  0.07/turn              y - ring of stealth
MPRegen  0.09/turn              (no ring)

@: lethally poisoned (0 -> -5), very quick
A: very small, unfitting armour, see invisible, herbivore, speed 3, slow
metabolism 2
a: no special abilities


You were on level 3 of the Dungeon.
You were not hungry.

You visited 1 branch of the dungeon, and saw 3 of its levels.

You collected 93 gold pieces.

Inventory:

Hand Weapons
 a - a +0 short sword
 b - a +0 blowgun
 i - a +0 spear
 j - a +2 dagger of venom (weapon)
 u - a +0 dagger
 z - a +0 whip
Missiles
 e - 8 poisoned needles
 f - 2 curare-tipped needles
 k - 21 arrows
 n - 66 stones
 r - 2 tomahawks (quivered)
Armour
 d - a +0 cloak (worn)
 m - a +0 robe (worn)
Jewellery
 y - a ring of stealth (left hand)
Scrolls
 p - a scroll of enchant armour {unknown}
 q - 5 scrolls of remove curse
 A - a scroll of fear {unknown}
Potions
 c - a potion of degeneration {unknown}
 h - 2 potions of flight {unknown}
 l - a potion of might {unknown}
 o - a potion of invisibility {unknown}
 w - a potion of cancellation {unknown}
 x - a potion of curing {unknown}
Comestibles
 g - 6 rations


   Skills:
 * Level 2.0 Fighting
 + Level 3.0 Short Blades
 + Level 2.2 Throwing
 + Level 1.6 Dodging
 + Level 7.3 Stealth


You had 3 spell levels left.
You didn't know any spells.
Your spell library was empty.

Dungeon Overview and Level Annotations

Branches:
Dungeon (3/15)

Altars:
Ru


Innate Abilities, Weirdness & Mutations

You are very small and have problems with some larger weapons.
You are too small for most types of armour.
You have supernaturally acute eyesight. (SInv)
You are a herbivore.
You cover ground extremely quickly.
You need to consume almost no food.


Message History

The adder hisses angrily.
You hit the adder.
The adder is poisoned.
The adder is lightly wounded.
The adder bites you.
You barely miss the adder.
The adder is lightly wounded.
The adder bites you.
* * * LOW HITPOINT WARNING * * *
You are lethally poisoned!
The adder poisons you!
You hit the adder.
The adder looks as sick as possible!
The adder is heavily wounded.
* * * LOW HITPOINT WARNING * * *
You feel sick. The adder misses you.
You hit the adder.
The adder looks as sick as possible!
The adder is severely wounded.
The adder bites you.
* * * LOW HITPOINT WARNING * * *
The adder closely misses you.
You die...

####.....#
#.......##
#######.##.....#
#....†#.##.....# ##
#..............##.>.
#.....S..#..........
#.....#......##.#..
#.....##........# .
#####@####.#.####
#.###....#####.#
#..............#
#####...####....
##.## ## #.# #.# ..#
###


You could see an adder.

Vanquished Creatures
  3 adders
  A worm (D:2)
  2 dart slugs
  2 leopard geckos (D:1)
  7 bats
  A giant cockroach (D:1)
  2 goblins (D:2)
  4 hobgoblins
  6 kobolds
  2 ball pythons
  3 frilled lizards (D:2)
  5 rats
38 creatures vanquished.

Notes
Turn   | Place    | Note
-------+----------+-------------------------------------------
     0 | D:1      | whitewolfNL the Spriggan Assassin began the quest for the
                  | Orb.
     0 | D:1      | Reached XP level 1. HP: 10/10 MP: 2/2
   447 | D:1      | Reached skill level 6 in Stealth
   620 | D:1      | Reached XP level 2. HP: 14/15 MP: 3/3
  1385 | D:2      | Reached XP level 3. HP: 13/18 MP: 4/4
  1614 | D:2      | Reached skill level 7 in Stealth
  1635 | D:2      | Found a sacrificial altar of Ru.
  1962 | D:3      | Reached XP level 4. HP: 8/23 MP: 5/5
  2009 | D:3      | HP: 1/23 [adder (4)]
  2012 | D:3      | Succumbed to an adder's poison

Skill      XL: |  1  2  3 |
---------------+----------+-----
Stealth        | 6 7 |  7.3
Fighting       | 2 |  2.0
Short Blades   | 3 |  3.0
Throwing       | |  2.2
Dodging        | |  1.6

Action                   |  1- 3 |  4- 6 || total
-------------------------+-------+-------++-------
Melee: Dagger            |    77 |     4 ||    81
  Use: Scroll            |     1 |       ||     1
 Stab: Sleeping          |    14 |       ||    14
Armor: Robe              |     9 |       ||     9
Dodge: Dodged            |    53 |     2 ||    55
